 Seeded DCSS version 0.30-a0-743-gbfdf073431 (webtiles) character file.

Game seed: 5430720872467839093 (custom seed)

130 purpskrrrp the Grasshopper (level 4, -2/22 HPs)
             Began as a Spriggan Warper on Feb 7, 2023.
             Killed from afar by an orc wizard (7 damage)
             ... with a puff of flame
             ... on level 3 of the Dungeon.
             The game lasted 00:05:10 (1786 turns).

purpskrrrp the Grasshopper (Spriggan Warper)        Turns: 1786, Time: 00:05:10

Health: -2/22      AC:  2    Str: 13    XL:     4   Next: 90%
Magic:  9/9        EV: 18    Int: 16    God:
Gold:   2524       SH:  5    Dex: 16    Spells: 4/8 levels left

rFire   . . .      SeeInvis +    a - +0 short sword (freeze)
rCold   + . .      Faith    .    (no shield)
rNeg    . . .      Spirit   .    b - +0 robe
rPois   .          Reflect  +    (helmet restricted)
rElec   .          Harm     .    (no cloak)
rCorr   .          Rampage  .    (gloves unavailable)
Will    .....      Rage     3%   (boots unavailable)
Stlth   ++++                     q - amulet "Biemustu" {Reflect SH+5 SInv Stlth+}
HPRegen 0.23/turn                f - +6 ring of strength
MPRegen 0.11/turn                p - ring of protection from cold

@: unable to read, very quick
A: very small, no large weapons, unfitting armour, see invisible, speed 3, thin
skeletal structure 1, berserk 1, inability to read after injury 1
a: no special abilities


You were on level 3 of the Dungeon.
You visited 1 branch of the dungeon, and saw 3 of its levels.

You collected 2524 gold pieces.

Inventory:

Hand Weapons
 a - a +0 short sword of freezing (weapon)
Armour
 b - a +0 robe (worn)
Jewellery
 f - a +6 ring of strength (left hand)
 p - a ring of protection from cold (right hand)
 q - an amulet "Biemustu" (around neck) {Reflect SH+5 SInv Stlth+}
   (You acquired it on level 2 of the Dungeon)

   [amulet of reflection]

   It reflects blocked missile attacks.
   SInv:      It lets you see invisible.
   SH:        It affects your SH (+5).
   Stlth:     It makes you more stealthy.
Scrolls
 c - a scroll of blinking
 d - a scroll of enchant armour {unknown}
 e - a scroll of torment {unknown}
 g - 3 scrolls of amnesia {unknown}
 h - a scroll of identify {unknown}
 i - a scroll of noise {unknown}
 l - a scroll of teleportation {unknown}
 n - a scroll of fog {unknown}
 o - a scroll of immolation {unknown}
Potions
 j - a potion of attraction {unknown}
 k - 2 potions of curing {unknown}


   Skills:
 - Level 1.5 Fighting
 + Level 3.3 Short Blades
 - Level 1.0 Throwing
 - Level 3.2 Dodging
 + Level 3.3 Stealth
 - Level 2.7 Spellcasting
 * Level 6.5 Translocations


You had 4 spell levels left.
You knew the following spells:

 Your Spells              Type           Power      Damage    Failure   Level
a - Manifold Assault      Tloc           23%        N/A       13%         4

Your spell library contained the following spells:

 Spells                   Type           Power      Damage    Failure   Level
 Blink                    Tloc           46%        N/A       1%          2
 Lesser Beckoning         Tloc           46%        N/A       1%          2
 Teleport Other           Tloc           23%        N/A       3%          3
 Vhi's Electric Charge    Tloc/Air       24%        N/A       16%         3


Dungeon Overview and Level Annotations

Branches:
Dungeon (3/15)

Altars:

Shops:
D:2 ?


Innate Abilities, Weirdness & Mutations

You are very small and have problems with some larger weapons.
You are too small for most types of armour.
You have supernaturally acute eyesight. (SInv)
You cover ground extremely quickly. (Speed+++)
You have a somewhat thin skeletal structure. (Dex +2, Stealth+)
You sometimes lose your temper in combat.
You occasionally lose the ability to read scrolls when taking damage.


Message History

The orc shouts!
The orc priest shouts!
The orc wizard shouts!
The hobgoblin shouts!
You hear an angry hiss.
Found six items.
Found an escape hatch in the ceiling.
Found two stone staircases leading down and a stone staircase leading up.
There is a stone staircase leading up here.
The orc shouts!
You hit the orc wizard. You freeze the orc wizard.
The orc wizard is lightly wounded.
A ball python comes into view.
The orc wizard barely misses you.
You miss the orc wizard.
The orc wizard is lightly wounded.
The orc wizard points at you and mumbles some strange words.
The magic dart hits you!
You hit the orc wizard but do no damage.
You punch the orc wizard, but do no damage.
The orc wizard is lightly wounded.
You block the orc's attack.
The orc wizard hits you but does no damage.
You hit the orc wizard. You freeze the orc wizard.
The orc wizard is moderately wounded.
You hit the orc wizard. You freeze the orc wizard.
The orc wizard is severely wounded.
You block the orc's attack. The orc barely misses you.
The orc priest calls down the wrath of Beogh upon you.
You struggle to resist.
The orc wizard barely misses you.
You hit the orc wizard. You freeze the orc wizard.
The orc wizard is almost dead.
You block the orc's attack. The orc priest hits you with a +0 club.
The orc wizard casts a spell at you. The magic dart hits you!
You feel threatened and lose the ability to read scrolls!
* * * LOW HITPOINT WARNING * * *
The orc barely misses you.
You are too injured to fight recklessly!
You are too injured to fight recklessly!
You are too injured to fight recklessly!
The orc wizard gestures at you while chanting.
The puff of flame hits you!
You die...

###............
..............
#.........$..
#...........!
#..........#
#..>g..../#
##.g.....).#
#..Sooo....#
#.@..oo....#
#..........#
#............#
###........(..#
##.......<...
##......###.
####....# ###.#


You could see an orc priest, an orc wizard, 3 orcs, 2 hobgoblins and a ball
python.

Vanquished Creatures
  A necrophage (D:2)
  3 gnolls (D:2)
  An adder (D:2)
  3 bats
  5 endoplasms
  2 hobgoblins
  4 jackals (D:1)
  5 kobolds
  2 quokkas (D:1)
  2 ball pythons (D:1)
  A frilled lizard (D:2)
  4 goblins
  A rat (D:1)
34 creatures vanquished.

Notes
Turn   | Place    | Note
-------+----------+-------------------------------------------
     0 | D:1      | purpskrrrp the Spriggan Warper began the quest for the Orb.
     0 | D:1      | Reached XP level 1. HP: 10/10 MP: 5/5
   127 | D:1      | Reached skill level 1 in Stealth
   174 | D:1      | Reached XP level 2. HP: 12/14 MP: 6/6
   322 | D:1      | Gained mutation: You have a somewhat thin skeletal
                  | structure. (Dex +2, Stealth+) [potion of mutation]
   322 | D:1      | Gained mutation: You have hidden genetic defects. [potion
                  | of mutation]
   369 | D:1      | Reached skill level 5 in Translocations
   404 | D:1      | Gained mutation: You sometimes lose your temper in combat.
                  | [hidden defects]
   752 | D:1      | Gained mutation: You occasionally lose the ability to read
                  | scrolls when taking damage. [hidden defects]
   752 | D:1      | Lost mutation: You have hidden genetic defects. [hidden
                  | defects expressed]
   898 | D:2      | Reached XP level 3. HP: 13/18 MP: 8/8
  1094 | D:2      | Found Doddoiw's Magic Scroll Shoppe.
  1191 | D:2      | Noticed a necrophage
  1279 | D:2      | Killed a necrophage
  1280 | D:2      | Reached skill level 6 in Translocations
  1280 | D:2      | Reached XP level 4. HP: 7/22 MP: 9/9
  1350 | D:2      | Learned a level 4 spell: Manifold Assault
  1737 | D:2      | Identified 4 scrolls of acquirement
  1737 | D:2      | Acquired an amulet "Biemustu" {Reflect SH+5 SInv Stlth+}
  1745 | D:2      | Acquired 808 gold pieces
  1747 | D:2      | Acquired 753 gold pieces
  1748 | D:2      | Acquired 894 gold pieces
  1786 | D:3      | Killed from afar by an orc wizard

Illustrated notes

Levels and vault maps discovered:
D:1:      dpeg_arrival_boxes_within_box, layout_basic
D:2:      layout_loops_ring, serial_shops, shop, nicolae_kite_square_tiling_tiny
D:3:      layout_rooms, okawaru_metal_pillars_3, ebering_ecumenical_altar_rust

Skill      XL: |  1  2  3 |
---------------+----------+-----
Stealth        | 1 2 3 |  3.3
Translocations | 5 6 |  6.5
Short Blades   | 3 |  3.3
Fighting       | |  1.5
Throwing       | |  1.0
Dodging        | |  3.2
Spellcasting   | |  2.7

Action                     |  1- 3 |  4- 6 || total
---------------------------+-------+-------++-------
  Melee: Short sword       |    99 |    22 ||   121
         Punch             |       |     2 ||     2
  Throw: Boomerang         |     7 |       ||     7
    Use: Scroll            |     1 |     4 ||     5
         Potion            |     1 |       ||     1
   Stab: Sleeping          |    10 |     4 ||    14
 Armour: Robe              |     5 |     2 ||     7
  Dodge: Dodged            |    54 |    13 ||    67
  Block: Other             |       |     3 ||     3

Table legend: (Time is in decaauts)
 A = Elapsed time spent in this place.
 B = Non-inter-level travel time spent in this place.
 C = Inter-level travel time spent in this place.
 D = Time resting spent in this place.
 E = Time spent auto-exploring this place.
 F = Levels seen in this place.
 G = Mean time per level.
                   A        B        C        D        E       F      G
               +--------+--------+--------+--------+--------+-----+--------+
         Total |   1231 |   1211 |     20 |    147 |    789 |   3 |  410.3 |
       Dungeon |   1231 |   1211 |     20 |    147 |    789 |   3 |  410.3 |
               +--------+--------+--------+--------+--------+-----+--------+

Top non-repeatable levels by time:
     D:2: 645 daAuts
     D:1: 578 daAuts
     D:3: 7 daAuts
